TOP OF THE 1ST |
---|
Ottawa Fat Cats batting - Pitching for Roy Eagle Squadron : RHP Jorge Arellano | Pitching: RHP Jorge Arellano | | Batting: RHB Jesús Herrera | 0-0: Ground out 5-3 (Groundball, 56) | Batting: SHB Raúl Rivas | 0-0: Fly out, F8 (Line Drive, 8RD) | Batting: RHB César Castillo | 0-0: Ball 1-0: Called Strike 1-1: Ball 2-1: SINGLE (Line Drive, 8LS) | Batting: RHB Robert Blanchard | 0-0: Called Strike 0-1: Called Strike 0-2: Ground out 1-3 (Groundball, P) | Top of the 1st over - 0 runs, 1 hit, 0 errors, 1 left on base; Ottawa 0 - Roy 0 | BOTTOM OF THE 1ST |
---|
Roy Eagle Squadron batting - Pitching for Ottawa Fat Cats : RHP Luis González | Pitching: RHP Luis González | | Batting: RHB Kevin Hale | 0-0: Called Strike 0-1: Ball 1-1: Foul Ball, location: 2F 1-2: Ball 2-2: Hit by Pitch | Batting: RHB Carl Curry | 0-0: Called Strike 0-1: Ball 1-1: Foul Ball, location: 2F 1-2: Foul Ball, location: 2F 1-2: Strikes out looking | Batting: RHB Enrique Soto | 0-0: Ball 1-0: Fly out, F5 (Line Drive, 56) | Batting: LHB Cisco Villanueva | 0-0: Ball 1-0: DOUBLE (Line Drive, 89M) Kevin Hale to third Runner from 3rd tries for Home, SAFE, no throw | Batting: RHB Gabriel Byram | 0-0: Foul Ball, location: 2F 0-1: Ball 1-1: Fly out, F8 (Flyball, 89M) | Bottom of the 1st over - 1 run, 1 hit, 0 errors, 1 left on base; Ottawa 0 - Roy 1 | TOP OF THE 2ND |
---|
Ottawa Fat Cats batting - Pitching for Roy Eagle Squadron : RHP Jorge Arellano | Batting: LHB Geoff May | 0-0: Called Strike 0-1: Ball 1-1: Foul Ball, location: 2F 1-2: Fly out, F7 (Flyball, 7LM) | Batting: RHB Wayne Scott | 0-0: Ball 1-0: Ball 2-0: SINGLE (Flyball, 8RS) | Batting: RHB Paul French | 0-0: Ball Wayne Scott steals 2nd base 1-0: Fly out, F8 (Flyball, 8LD) | Batting: RHB Tim Hesse | 0-0: Ground out 6-3 (Groundball, 6) | Top of the 2nd over - 0 runs, 1 hit, 0 errors, 1 left on base; Ottawa 0 - Roy 1 | BOTTOM OF THE 2ND |
---|
Roy Eagle Squadron batting - Pitching for Ottawa Fat Cats : RHP Luis González | Batting: LHB Larry Bradley | 0-0: Called Strike 0-1: Swinging Strike 0-2: Ball 1-2: Ball 2-2: Foul Ball, location: 2F 2-2: Strikes out swinging | Batting: LHB Robinson González | 0-0: Ball 1-0: Ball 2-0: Called Strike 2-1: Ground out 6-3 (Groundball, 6M) | Batting: RHB Mark Morris | 0-0: Ball 1-0: Ground out 1-3 (Groundball, 13) | Bottom of the 2nd over - 0 runs, 0 hits, 0 errors, 0 left on base; Ottawa 0 - Roy 1 | TOP OF THE 3RD |
---|
Ottawa Fat Cats batting - Pitching for Roy Eagle Squadron : RHP Jorge Arellano | Batting: LHB Bill Williams | 0-0: Ball 1-0: Fly out, F8 (Flyball, 78M) | Batting: RHB Jesús Herrera | 0-0: Fly out, F9 (Flyball, 9) | Batting: SHB Raúl Rivas | 0-0: Ball 1-0: Ball 2-0: Reached on error, E5 (Groundball, 5) | Batting: RHB César Castillo | 0-0: Hit by Pitch Raúl Rivas to second | Batting: RHB Robert Blanchard | 0-0: Ball 1-0: Called Strike 1-1: Called Strike 1-2: Strikes out swinging | Top of the 3rd over - 0 runs, 0 hits, 1 error, 2 left on base; Ottawa 0 - Roy 1 | BOTTOM OF THE 3RD |
---|
Roy Eagle Squadron batting - Pitching for Ottawa Fat Cats : RHP Luis González | Batting: RHB Juan Hernández | 0-0: Ball 1-0: Fly out, F9 (Flyball, 89S) | Batting: RHB Kevin Hale | 0-0: Swinging Strike 0-1: Swinging Strike 0-2: Ball 1-2: Ball 2-2: Ball 3-2: Foul Ball, location: 2F 3-2: Strikes out swinging | Batting: RHB Carl Curry | 0-0: Called Strike 0-1: Ball 1-1: Swinging Strike 1-2: Ball 2-2: Fly out, F8 (Flyball, 89D) | Bottom of the 3rd over - 0 runs, 0 hits, 0 errors, 0 left on base; Ottawa 0 - Roy 1 | TOP OF THE 4TH |
---|
Ottawa Fat Cats batting - Pitching for Roy Eagle Squadron : RHP Jorge Arellano | Batting: LHB Geoff May | 0-0: Foul Ball, location: 2F 0-1: Foul Ball, location: 2F 0-2: Ball 1-2: Ball 2-2: Strikes out swinging | Batting: RHB Wayne Scott | 0-0: Called Strike 0-1: Foul Ball, location: 2F 0-2: Ball 1-2: Ball 2-2: Fly out, F9 (Flyball, 9LM) | Batting: RHB Paul French | 0-0: Ball 1-0: SINGLE (Groundball, 6MD) | Batting: RHB Tim Hesse | 0-0: Ball 1-0: Called Strike 1-1: Called Strike 1-2: Foul Ball, location: 2F 1-2: Strikes out swinging | Top of the 4th over - 0 runs, 1 hit, 0 errors, 1 left on base; Ottawa 0 - Roy 1 | BOTTOM OF THE 4TH |
---|
Roy Eagle Squadron batting - Pitching for Ottawa Fat Cats : RHP Luis González | Batting: RHB Enrique Soto | 0-0: Swinging Strike 0-1: SINGLE (Line Drive, 6) (infield hit) | Batting: LHB Cisco Villanueva | 0-0: Ball 1-0: Called Strike Balk! Enrique Soto to second 1-1: Ball 2-1: Foul Ball, location: 2F 2-2: Fly out, F8 (Line Drive, 8LD) | Batting: RHB Gabriel Byram | 0-0: Ball 1-0: Fly out, F8 (Flyball, 8RM) | Batting: LHB Larry Bradley | 0-0: Ball 1-0: Foul Ball, location: 2F 1-1: Foul Ball, location: 2F 1-2: Foul Ball, location: 2F 1-2: Foul Ball, location: 2F 1-2: Strikes out looking | Bottom of the 4th over - 0 runs, 1 hit, 0 errors, 1 left on base; Ottawa 0 - Roy 1 | TOP OF THE 5TH |
---|
Ottawa Fat Cats batting - Pitching for Roy Eagle Squadron : RHP Jorge Arellano | Batting: LHB Bill Williams | 0-0: Foul Ball, location: 2F 0-1: Ball 1-1: Fly out, F7 (Flyball, 7S) | Batting: RHB Jesús Herrera | 0-0: Ball 1-0: Called Strike 1-1: Ball 2-1: Swinging Strike 2-2: Ball 3-2: Foul Ball, location: 2F 3-2: Strikes out looking | Batting: SHB Raúl Rivas | 0-0: Called Strike 0-1: Ball 1-1: Ball 2-1: Called Strike 2-2: Ball 3-2: Base on Balls | Batting: RHB César Castillo | 0-0: Ball 1-0: Swinging Strike 1-1: Foul Ball, location: 2F 1-2: SINGLE (Groundball, 34D) Raúl Rivas to second Runner from 2nd tries for 3rd, SAFE, no throw | Batting: RHB Robert Blanchard | 0-0: Called Strike 0-1: Swinging Strike 0-2: Ball César Castillo is caught stealing 2nd base | Top of the 5th over - 0 runs, 1 hit, 0 errors, 1 left on base; Ottawa 0 - Roy 1 | BOTTOM OF THE 5TH |
---|
Roy Eagle Squadron batting - Pitching for Ottawa Fat Cats : RHP Luis González | Batting: LHB Robinson González | 0-0: Swinging Strike 0-1: Ball 1-1: Ball 2-1: Foul Ball, location: 2F 2-2: Fly out, F8 (Line Drive, 8LM) | Batting: RHB Mark Morris | 0-0: Ball 1-0: Ground out 6-3 (Groundball, 6S) | Batting: RHB Juan Hernández | 0-0: Called Strike 0-1: Ball 1-1: Swinging Strike 1-2: Fly out, F7 (Flyball, 7S) | Bottom of the 5th over - 0 runs, 0 hits, 0 errors, 0 left on base; Ottawa 0 - Roy 1 | TOP OF THE 6TH |
---|
Ottawa Fat Cats batting - Pitching for Roy Eagle Squadron : RHP Jorge Arellano | Batting: RHB Robert Blanchard | 0-0: Foul Ball, location: 2F 0-1: Swinging Strike 0-2: Strikes out swinging | Batting: LHB Geoff May | 0-0: Called Strike 0-1: Fly out, F8 (Line Drive, 78M) | Batting: RHB Wayne Scott | 0-0: Called Strike 0-1: Ground out 6-3 (Groundball, 56) | Top of the 6th over - 0 runs, 0 hits, 0 errors, 0 left on base; Ottawa 0 - Roy 1 | BOTTOM OF THE 6TH |
---|
Roy Eagle Squadron batting - Pitching for Ottawa Fat Cats : RHP Luis González | Batting: RHB Kevin Hale | 0-0: Ball 1-0: Ground out 4-3 (Groundball, 4M) | Batting: RHB Carl Curry | 0-0: Swinging Strike 0-1: Foul Ball, location: 2F 0-2: SINGLE (Flyball, 78S) | Batting: RHB Enrique Soto | 0-0: Called Strike 0-1: SINGLE (Groundball, 56S) (infield hit) Carl Curry to second | Batting: LHB Cisco Villanueva | 0-0: Ball 1-0: Ball 2-0: Ball 3-0: Called Strike 3-1: Foul Ball, location: 2F 3-2: SINGLE (Groundball, 6MD) Carl Curry to third Enrique Soto to second Runner from 3rd tries for Home, SAFE, no throw | Batting: RHB Gabriel Byram | 0-0: Ball 1-0: Ball 2-0: Foul Ball, location: 2F 2-1: Fly out, F3 (Popup, 34S) | Batting: LHB Larry Bradley | 0-0: Called Strike 0-1: Ground out 5-3 (Groundball, 56S) | Bottom of the 6th over - 1 run, 3 hits, 0 errors, 2 left on base; Ottawa 0 - Roy 2 | TOP OF THE 7TH |
---|
Ottawa Fat Cats batting - Pitching for Roy Eagle Squadron : RHP Jorge Arellano | Batting: RHB Paul French | 0-0: Ball 1-0: Ball 2-0: Foul Ball, location: 2F 2-1: Foul Ball, location: 2F 2-2: Foul Ball, location: 2F 2-2: Foul Ball, location: 2F 2-2: Foul Ball, location: 2F 2-2: Fly out, F8 (Flyball, 8LM) | Batting: RHB Tim Hesse | 0-0: Fly out, F9 (Flyball, 9LD) | Batting: LHB Bill Williams | 0-0: Called Strike 0-1: Swinging Strike 0-2: Ball 1-2: Strikes out swinging | Top of the 7th over - 0 runs, 0 hits, 0 errors, 0 left on base; Ottawa 0 - Roy 2 | BOTTOM OF THE 7TH |
---|
Roy Eagle Squadron batting - Pitching for Ottawa Fat Cats : RHP Luis González | Batting: LHB Robinson González | 0-0: Ground out 5-3 (Groundball, 56S) | Batting: RHB Mark Morris | 0-0: Ground out 5-3 (Groundball, 56) | Batting: RHB Juan Hernández | 0-0: Foul Ball, location: 2F 0-1: Ground out 3-1 (Groundball, 34) | Bottom of the 7th over - 0 runs, 0 hits, 0 errors, 0 left on base; Ottawa 0 - Roy 2 | TOP OF THE 8TH |
---|
Ottawa Fat Cats batting - Pitching for Roy Eagle Squadron : RHP Jorge Arellano | Batting: RHB Jesús Herrera | 0-0: Ball 1-0: Fly out, F8 (Line Drive, 8RD) | Batting: SHB Raúl Rivas | 0-0: Ball 1-0: Ground out U3 (Groundball, 3) | Batting: RHB César Castillo | 0-0: SINGLE (Line Drive, 8RS) | Batting: RHB Robert Blanchard | 0-0: Called Strike 0-1: Called Strike 0-2: Ball 1-2: Strikes out swinging | Top of the 8th over - 0 runs, 1 hit, 0 errors, 1 left on base; Ottawa 0 - Roy 2 | BOTTOM OF THE 8TH |
---|
Roy Eagle Squadron batting - Pitching for Ottawa Fat Cats : RHP Luis González | Pitching: LHP Gustavo Sánchez | | Batting: RHB Kevin Hale | 0-0: Called Strike 0-1: Ball 1-1: Ball 2-1: SINGLE (Groundball, 56D) | Batting: RHB Carl Curry | 0-0: Sac Bunt - play at first, batter OUT! 1-3 Kevin Hale to second | Batting: RHB Enrique Soto | 0-0: Intentional Walk | Pinch Hitting: RHB Dan Duckworth | 0-0: Called Strike 0-1: Grounds into double play, 6-4-3 (Groundball, 6) | Bottom of the 8th over - 0 runs, 1 hit, 0 errors, 1 left on base; Ottawa 0 - Roy 2 | TOP OF THE 9TH |
---|
Ottawa Fat Cats batting - Pitching for Roy Eagle Squadron : RHP Jorge Arellano | Pitching: RHP Danny Owen | | Now in CF: Joseph McCarteney | | Batting: LHB Geoff May | 0-0: Called Strike 0-1: Foul Ball, location: 2F 0-2: Ground out U3 (Groundball, 3) | Batting: RHB Wayne Scott | 0-0: Ground out 5-3 (Groundball, 5S) | Batting: RHB Paul French | 0-0: Swinging Strike 0-1: Ball 1-1: Ball 2-1: Ball 3-1: Base on Balls | Pinch Hitting: LHB Aaron Scott | 0-0: Swinging Strike 0-1: Swinging Strike 0-2: Ground out U3 (Groundball, 34) | Top of the 9th over - 0 runs, 0 hits, 0 errors, 1 left on base; Ottawa 0 - Roy 2 | |